 Dungeon Crawl Stone Soup version 0.31-a0-1574-g5526595cd0 (webtiles) character file.

Game seed: 2074713042467957074

94507 James the Tortoise (level 15, -17/141 HPs)
             Began as a Minotaur Fighter on Jan 4, 2024.
             Was the Champion of Makhleb.
             Killed from afar by Roxanne (37 damage)
             ... with a crystal spear
             ... on level 15 of the Dungeon.
             The game lasted 01:24:47 (26213 turns).

James the Tortoise (Minotaur Fighter)              Turns: 26213, Time: 01:24:47

Health: -17/141    AC: 36    Str: 29    XL:     15   Next: 63%
Magic:  25/25      EV:  9    Int:  5    God:    Makhleb [******]
Gold:   1875       SH:  7    Dex: 19    Spells: 14/14 levels left

rFire   + . .        a - +4 morningstar (heavy)
rCold   + + .        c - +1 buckler {AC+3}
rNeg    . . .        I - +0 gold dragon scales
rPois   +            D - +2 hat {Will+}
rElec   .            f - +1 cloak
rCorr   .            V - +0 pair of gloves
SInv    +            z - +4 pair of boots of Oblivion {rPois Dex+4 SInv}
Will    ++...        B - amulet of the acrobat Stlth
                     M - +6 ring of dexterity
HPRegen 0.43/turn    k - ring "Papsadus" {Fly rC+}
MPRegen 0.19/turn

%: acrobat
@: flying
A: horns 2, retaliatory headbutt
a: Renounce Religion, Minor Destruction, Lesser Servant of Makhleb, Major
Destruction, Greater Servant of Makhleb


You were on level 15 of the Dungeon.
You worshipped Makhleb.
Makhleb was exalted by your worship.
You visited 3 branches of the dungeon, and saw 22 of its levels.
You also visited: Gauntlet.

You collected 2160 gold pieces.
You spent 285 gold pieces at shops.

Inventory:

Hand Weapons
 a - a +4 heavy morningstar (weapon)
   (You took it off an orc on level 9 of the Dungeon)
 b - the +7 sling "Xuutiof" {speed, Dex+2}
   (You found it on level 10 of the Dungeon)

   Dex+2:     It affects your dexterity (+2).
 i - the +9 spear of the Malding Gods {venom, rF++ rC++}
   (You took it off a spriggan on level 8 of the Dungeon)

   rF++:      It greatly protects you from fire.
   rC++:      It greatly protects you from cold.
 y - a +0 morningstar
   (You found it on level 4 of the Lair of Beasts)
 T - a +0 vampiric demon trident {!w}
   (You took it off Urug on level 1 of the Lair of Beasts)
Missiles
 p - 40 boomerangs
 v - 3 throwing nets {!f}
 N - 25 poisoned darts
 X - 3 silver javelins
 Y - 5 javelins
 Z - 4 curare-tipped darts (quivered) {!f}
Armour
 c - a +1 buckler of protection (worn)
   (You took it off a tengu warrior on level 15 of the Dungeon)
 f - a +1 cloak (worn)
   (You took it off Crazy Yiuf on level 7 of the Dungeon)
 n - quicksilver dragon scales
   (You found it in a Gauntlet)
 x - a +2 scale mail of positive energy
   (You took it off Harold on level 11 of the Dungeon)
 z - the +4 pair of boots of Oblivion (worn) {rPois Dex+4 SInv}
   (You found it in a Gauntlet)

   Dex+4:     It affects your dexterity (+4).
   rPois:     It protects you from poison SInv: It lets you see invisible.
 D - a +2 hat of willpower (worn)
   (You found it in a Gauntlet)
 F - +0 acid dragon scales
   (You found it on level 4 of the Lair of Beasts)
 I - +0 gold dragon scales (worn)
   (You took it off a minotaur in a Gauntlet)
 V - a +0 pair of gloves (worn)
   (You found it on level 5 of the Dungeon)
Magical Staves
 C - a staff of death
   (You found it in a Gauntlet)
Jewellery
 g - a ring of ice
   (You took it off Fannar on level 1 of the Orcish Mines)
 k - the ring "Papsadus" (right hand) {Fly rC+}
   (You found it on level 3 of the Lair of Beasts)

   [ring of flight]

   rC+:       It protects you from cold.
   Fly:       It grants you flight.
 B - an amulet of the acrobat (around neck)
   (You found it on level 3 of the Dungeon)
 M - a +6 ring of dexterity (left hand)
   (You found it on level 1 of the Lair of Beasts)
Wands
 d - a wand of iceblast (36)
   (You found it on level 7 of the Dungeon)
 o - a wand of charming (10)
   (You found it on level 4 of the Lair of Beasts)
 t - a wand of flame (66)
   (You found it on level 5 of the Dungeon)
 J - a wand of mindburst (26)
   (You found it on level 10 of the Dungeon)
 Q - a wand of polymorph (4)
   (You found it on level 9 of the Dungeon)
Scrolls
 j - 13 scrolls of teleportation {@r4}
 q - 10 scrolls of fog
 r - a scroll of brand weapon
 u - 6 scrolls of revelation
 E - a scroll of immolation {!r}
 G - a scroll of silence
 H - 3 scrolls of enchant armour
 K - 2 scrolls of vulnerability {!r}
 L - 9 scrolls of fear
 P - a scroll of blinking
Potions
 e - a potion of degeneration {!q}
 h - 3 potions of ambrosia
 l - 6 potions of might
 m - 2 potions of cancellation
 s - 3 potions of haste {@q3}
 w - 8 potions of curing {@q1}
 A - 6 potions of magic
 O - 4 potions of enlightenment
 S - 5 potions of mutation {!q}
 U - 2 potions of berserk rage
 W - a potion of lignification {!q}
Miscellaneous
 R - a tin of tremorstones (2/2)
   (You found it on level 1 of the Lair of Beasts)


   Skills:
 + Level 15.5 Fighting
 - Level 16.0 Maces & Flails
 * Level 17.0 Armour
 - Level 6.0 Dodging
 - Level 6.0 Shields
 + Level 15.3 Invocations


You had 14 spell levels left.
You didn't know any spells.
Your spell library contained the following spells:

 Spells                   Type           Power      Damage    Failure   Level
 Kiss of Death            Conj/Necr      0%         2d5       100%        1
 Sandblast                Erth           0%         2d4       100%        1
 Slow                     Hex            0%         N/A       100%        1
 Sting                    Conj/Alch      0%         1d3       100%        1
 Ensorcelled Hibernation  Hex/Ice        0%         N/A       100%        2
 Mercury Vapours          Alch/Air       0%         N/A       100%        2
 Scorch                   Fire           0%         2d5       100%        2
 Call Canine Familiar     Summ           0%         N/A       100%        3
 Confusing Touch          Hex            0%         N/A       100%        3
 Gell's Gravitas          Tloc           0%         N/A       100%        3
 Mephitic Cloud           Conj/Alch/Air  0%         N/A       100%        3
 Passwall                 Erth           0%         N/A       100%        3
 Sigil of Binding         Hex            0%         N/A       100%        3
 Stone Arrow              Conj/Erth      0%         3d7       100%        3
 Teleport Other           Tloc           0%         N/A       100%        3
 Vampiric Draining        Necr           0%         2d6       100%        3
 Animate Armour           Summ/Erth      0%         N/A       100%        4
 Brom's Barrelling Bould  Conj/Erth      0%         2d3       100%        4
 Dimensional Bullseye     Hex/Tloc       0%         N/A       100%        4
 Dispel Undead            Necr           0%         3d6       100%        4
 Flame Wave               Conj/Fire      0%         2d4       100%        4
 Manifold Assault         Tloc           0%         N/A       100%        4
 Olgreb's Toxic Radiance  Alch           0%         N/A       100%        4
 Curse of Agony           Necr           0%         N/A       100%        5
 Freezing Cloud           Conj/Ice/Air   0%         6-21      100%        5
 Iskenderun's Battlesphe  Conj           0%         2d6       100%        5
 Metabolic Englaciation   Hex/Ice        0%         N/A       100%        5
 Bombard                  Conj/Erth      0%         9d1       100%        6
 Dispersal                Tloc           0%         N/A       100%        6
 Ozocubu's Refrigeration  Ice            0%         4d7       100%        7
 Spellforged Servitor     Conj/Summ      0%         N/A       100%        7
 Discord                  Hex            0%         N/A       100%        8
 Disjunction              Tloc           0%         N/A       100%        8
 Lehudib's Crystal Spear  Conj/Erth      0%         10d2      100%        8


Dungeon Overview and Level Annotations

Branches:
Dungeon (15/15)            Temple (0/1) D:7            Lair (5/5) D:9
 Shoals (0/4) Lair:2        Snake (0/4) Lair:2        Slime (0/5) Lair:5
    Orc (2/2) D:10            Elf (0/3) Orc:2        Vaults (0/5) D:14
Gauntlet (visited)
 Depths: D:15

Altars:
Ashenzari
Elyvilon
Fedhas
Hepliaklqana
Kikubaaqudgha
Makhleb
Qazlal
Ru
Xom
Yredelemnul
Jiyva

Shops:
D:7 *   D:9 *   Orc:1 :   Orc:2 [*(=

Annotations:
D:15 Roxanne
Lair:4 3 runed translucent doors, Niar Sio's ghost, journeyman TrBe


Innate Abilities, Weirdness & Mutations

You have a pair of horns on your head.
You reflexively headbutt those who attack you in melee.


Message History

The efreet gestures at you.
The fireball explodes!
The fireball engulfs you! You resist.
The fireball engulfs your blizzard demon!!!
Your blizzard demon is burned terribly!
You hear a horrible gurgling sound!
The efreet gestures at you.
The fireball explodes!
The fireball engulfs you. You resist.
The fireball engulfs your blizzard demon!!
Your blizzard demon is burned terribly!
Your blizzard demon dies!
Your blizzard demon disappears in a puff of smoke!
You hear a horrible gurgling sound!
You hear two shouts!
You hear a shout!
You see here a potion of haste {@q3}.
Roxanne prays for a Stone to Flesh spell.
The efreet gestures at you.
The bolt of fire hits Roxanne.
Roxanne resists.
The bolt of fire misses you.
You hit Roxanne. You impale Roxanne!!
Roxanne casts a spell.
You blink.
Found a spear.
You beat the efreet like a drum!!!
You kill the efreet!
Makhleb accepts your kill.
You feel better.
You hear a horrible gurgling sound!
A purple ugly thing comes into view.
A two-headed ogre comes into view. It is wielding two +0 giant clubs.
Roxanne mumbles some strange words.
The crystal spear hits you!!
You see here a +0 scimitar of flaming.
You hit Roxanne but do no damage. You headbutt Roxanne, but do no damage.
You sock Roxanne! You headbutt Roxanne. You pound Roxanne like an anvil!!!
You headbutt Roxanne, but do no damage.
Roxanne mumbles some strange words.
You block the iron shot.
You bludgeon Roxanne!! You hit Roxanne. You headbutt Roxanne, but do no damage.
You hit Roxanne but do no damage.
Roxanne mumbles some strange words.
The iron shot hits you!!!
* * * LOW HITPOINT WARNING * * *
You bludgeon Roxanne!!
The two-headed ogre hits you but does no damage. x2
Roxanne mumbles some strange words.
The crystal spear hits you!!
* * * LOW HITPOINT WARNING * * *
You hit Roxanne. You headbutt Roxanne, but do no damage.
Roxanne mumbles some strange words.
The crystal spear hits you!!!
You die...

.....####..####..########..######
.....# #..# #..# #..# .....# #..#
#..# #.)# .<...# #..# #..# #..#
.....####..# #..# #..#
...........# #..## #..#
........O.. #..!## #..# .....#
#..####....# #..######
#......O@8.# #........
#)....)....# #........
#..####..########..###### u...
#............# ....
#............# ### #..########..#
#..# #..# #..# ######..######
...................


You could see Roxanne and a two-headed ogre.

Vanquished Creatures
  Frances (D:14)
  An orc warlord (Orc:2)
  Nessos (D:15)
  A minotaur (Gauntlet)
  Azrael (D:12)
  Snorg (D:11)
  An entropy weaver (shapeshifter) (D:14)
  A fire dragon (D:15)
  Fannar (Orc:1)
  Harold (D:11)
  An ice dragon (Lair:5)
  A hydra (D:13)
  2 catoblepae
  2 two-headed ogres
  A centaur warrior (D:13)
  2 boulder beetles
  10 death yaks
  A death knight (D:15)
  3 tengu warriors
  Urug (Lair:1)
  3 orc high priests
  Nergalle (D:12)
  A soul eater (Gauntlet)
  3 skysharks
  9 skeletal warriors (D:15)
  A swamp dragon (Lair:5)
  A lindwurm (Lair:5)
  3 orc knights
  3 harpies (Lair:2)
  2 wolf spiders
  2 deep elf pyromancers
  6 oklob plants (Lair:3)
  8 ugly things
  6 orc sorcerers
  A cyclops (D:13)
  A salamander (Lair:2)
  A moth of wrath (Gauntlet)
  3 manticores
  10 elephants
  3 guardian serpents
  The ghost of runewalsh the Conjurer, a novice OpCj (D:8)
  5 black mambas (Lair:5)
  A kobold blastminer (Orc:2)
  2 gargoyles
  17 cane toads
  A torpor snail (Lair:1)
  4 rime drakes
  9 komodo dragons
  2 kobold demonologists
  A tengu conjurer (Gauntlet)
  3 efreet
  2 polar bears
  5 trolls
  Prince Ribbit (D:5)
  4 blink frogs (Lair:2)
  Grinder (D:5)
  3 hornets
  A raiju (shapeshifter) (D:12)
  5 water elementals (D:14)
  4 slime creatures (D:12)
  3 spriggans (D:8)
  3 shadows
  3 wraiths
  12 wyverns
  A vampire (D:11)
  38 yaks
  Eustachio (D:5)
  8 basilisks
  3 fire elementals (D:13)
  2 steam dragons
  2 wargs
  5 redbacks
  4 vampire mosquitoes (D:12)
  A naga (Lair:2)
  Menkaure (D:7)
  4 acid dragons
  Edmund (D:4)
  37 water moccasins
  2 hell hounds (D:13)
  42 orc warriors
  A sky beast (D:8)
  3 black bears (D:6)
  3 swamp drakes (Lair:5)
  8 wolves
  4 centaurs
  4 ogres
  4 kobold brigands
  10 bullfrogs
  5 scorpions
  A burial acolyte (D:6)
  8 wights
  8 killer bees
  5 electric eels
  2 howler monkeys (D:6)
  A bombardier beetle (D:5)
  15 jellies
  2 hounds
  Crazy Yiuf (D:7)
  26 orc priests
  A gnoll bouda (D:7)
  5 iguanas
  23 orc wizards
  Terence (D:3)
  A hound zombie (D:6)
  11 adders
  5 gnolls
  5 shadow imps
  5 white imps
  6 ufetubi
  2 adder zombies (D:6)
  3 dart slugs (D:1)
  4 ribbon worms
  100 orcs
  7 ball pythons
  6 endoplasms
  4 giant cockroaches
  6 goblins
  8 hobgoblins
  10 jackals
  4 quokkas
  14 bats
  A frilled lizard (D:2)
  4 gnoll zombies (D:6)
  24 kobolds
  5 rats
723 creatures vanquished.

Vanquished Creatures (others)
  A water elemental (D:14)
1 creature vanquished.

Grand Total: 724 creatures vanquished

Notes
Turn   | Place    | Note
-------+----------+-------------------------------------------
     0 | D:1      | James the Minotaur Fighter began the quest for the Orb.
     0 | D:1      | Reached XP level 1. HP: 19/19 MP: 0/0
   166 | D:1      | Reached XP level 2. HP: 25/27 MP: 1/1
   379 | D:1      | Reached skill level 4 in Armour
   379 | D:1      | Reached XP level 3. HP: 33/33 MP: 2/2
  1461 | D:2      | Reached XP level 4. HP: 38/40 MP: 3/3
  1847 | D:3      | Noticed Terence
  1876 | D:3      | Killed Terence
  1877 | D:3      | Reached skill level 5 in Maces & Flails
  2067 | D:3      | Reached XP level 5. HP: 46/46 MP: 4/4
  2628 | D:4      | Noticed Edmund
  2639 | D:4      | Killed Edmund
  2640 | D:4      | Reached XP level 6. HP: 47/52 MP: 5/5
  2800 | D:4      | Found a white marble altar of Elyvilon.
  3036 | D:4      | Reached XP level 7. HP: 57/59 MP: 6/6
  3196 | D:4      | Reached skill level 10 in Maces & Flails
  3339 | D:5      | Entered Level 5 of the Dungeon
  3472 | D:5      | Found a stormy altar of Qazlal.
  3592 | D:5      | Found a hazy altar of Hepliaklqana.
  3593 | D:5      | Found a shimmering altar of Xom.
  3593 | D:5      | Noticed a yak
  3594 | D:5      | Noticed a spectral ugly thing
  3594 | D:5      | Noticed a yak
  3594 | D:5      | Noticed a yak
  3638 | D:5      | Noticed Prince Ribbit
  3667 | D:5      | Killed Prince Ribbit
  3668 | D:5      | Reached XP level 8. HP: 66/66 MP: 7/7
  3753 | D:5      | Noticed Grinder
  3761 | D:5      | Paralysed by Grinder for 4 turns
  3771 | D:5      | Paralysed by Grinder for 5 turns
  3778 | D:5      | Killed Grinder
  3800 | D:5      | Noticed Eustachio
  3809 | D:5      | Killed Eustachio
  4066 | D:5      | Found a burning altar of Makhleb.
  4066 | D:5      | Noticed a blizzard demon
  4071 | D:5      | Became a worshipper of Makhleb the Destroyer
  4276 | D:6      | Reached XP level 9. HP: 46/71 MP: 8/8
  4409 | D:6      | Found an ancient bone altar of Kikubaaqudgha.
  4450 | D:6      | Reached * piety under Makhleb
  4738 | D:6      | Reached skill level 1 in Invocations
  4946 | D:7      | Noticed Menkaure
  5134 | D:7      | Killed Menkaure
  5146 | D:7      | Found a staircase to the Ecumenical Temple.
  5292 | D:7      | Reached skill level 5 in Shields
  5296 | D:7      | Reached skill level 5 in Armour
  5374 | D:7      | Reached ** piety under Makhleb
  5375 | D:7      | Reached skill level 5 in Fighting
  5586 | D:7      | Found Axzogise's Serpentskin Sales.
  5962 | D:7      | Found a runed translucent door.
  5963 | D:7      | Noticed Crazy Yiuf
  5969 | D:7      | Killed Crazy Yiuf
  6451 | D:8      | Found a runed translucent door.
  6452 | D:8      | Noticed runewalsh's ghost (novice OpCj)
  6453 | D:8      | Identified the +9 spear of the Malding Gods {venom, rF++
                  | rC++}
  6692 | D:8      | Reached skill level 6 in Armour
  6890 | D:8      | Found a broken altar of Ashenzari.
  6961 | D:8      | Identified the blade talisman "Gyivvid" {rElec}
  7210 | D:9      | Found Wihal's General Store.
  7246 | D:9      | Noticed a kobold demonologist
  7255 | D:9      | Killed a kobold demonologist
  7319 | D:9      | Reached *** piety under Makhleb
  7320 | D:9      | Reached XP level 10. HP: 59/83 MP: 11/11
  7555 | D:9      | Reached skill level 7 in Armour
  8409 | D:9      | Found a staircase to the Lair.
  8529 | D:9      | Bought a scroll of identify for 28 gold pieces
  8529 | D:9      | Bought a scroll of immolation for 56 gold pieces
  8529 | D:9      | Bought a scroll of fear for 56 gold pieces
  8529 | D:9      | Bought a potion of might for 56 gold pieces
  8529 | D:9      | Bought a potion of might for 56 gold pieces
  8540 | D:10     | Entered Level 10 of the Dungeon
  8624 | D:10     | Reached skill level 8 in Armour
  8640 | D:10     | Reached skill level 15 in Maces & Flails
  8915 | D:10     | Found a staircase to the Orcish Mines.
  8937 | D:10     | Reached skill level 5 in Invocations
  8954 | D:10     | Found a basalt altar of Yredelemnul.
  9017 | D:10     | Noticed a gargoyle
  9027 | D:10     | Killed a gargoyle
  9038 | D:10     | Found a blossoming altar of Fedhas.
  9116 | D:10     | Identified the +7 sling "Xuutiof" {speed, Dex+2}
  9246 | D:10     | Noticed a cyan ugly thing
  9258 | D:10     | Killed a cyan ugly thing
  9259 | D:10     | Reached XP level 11. HP: 70/92 MP: 13/13
  9496 | D:11     | Noticed Snorg
  9518 | D:11     | Killed Snorg
  9519 | D:11     | Reached skill level 1 in Dodging
 10222 | D:11     | Reached **** piety under Makhleb
 10233 | D:11     | Reached skill level 9 in Armour
 10337 | D:11     | Noticed Harold
 10354 | D:11     | Killed Harold
 10377 | D:11     | Noticed a boulder beetle
 10394 | D:11     | Killed a boulder beetle
 10707 | D:11     | Found a sacrificial altar of Ru.
 10930 | D:7      | Bought 2 curare-tipped darts for 33 gold pieces
 11006 | Lair:1   | Entered Level 1 of the Lair of Beasts
 11169 | Lair:1   | Noticed Urug
 11181 | Lair:1   | Killed Urug
 11182 | Lair:1   | Reached skill level 10 in Armour
 11545 | Lair:1   | Reached skill level 11 in Armour
 11793 | Lair:1   | Reached XP level 12. HP: 104/104 MP: 16/16
 12696 | Lair:2   | Reached skill level 12 in Armour
 12753 | Lair:2   | Found a staircase to the Shoals.
 12871 | Lair:2   | Reached ***** piety under Makhleb
 12872 | Lair:2   | Reached skill level 10 in Fighting
 13017 | Lair:2   | Found a staircase to the Snake Pit.
 13386 | Lair:3   | Identified the ring "Papsadus" {Fly rC+}
 13431 | Lair:3   | Noticed a catoblepas
 13433 | Lair:3   | Reached skill level 13 in Armour
 13588 | Lair:3   | Killed a catoblepas
 14600 | Lair:4   | Reached XP level 13. HP: 116/116 MP: 18/18
 14688 | Lair:4   | Found a runed translucent gate.
 14688 | Lair:4   | Found a runed translucent gate.
 14688 | Lair:4   | Found a runed translucent gate.
 14703 | Lair:4   | Noticed Niar Sio's ghost (journeyman TrBe)
 14755 | Lair:4   | Reached skill level 14 in Armour
 15562 | Lair:5   | Entered Level 5 of the Lair of Beasts
 15712 | Lair:4   | Reached skill level 10 in Invocations
 16204 | Lair:5   | Reached skill level 15 in Armour
 16552 | Lair:5   | Found a staircase to the Slime Pits.
 16552 | Lair:5   | Found a viscous altar of Jiyva.
 16594 | Lair:5   | Reached XP level 14. HP: 130/130 MP: 21/21
 17147 | Lair:5   | Reached ****** piety under Makhleb
 18470 | Lair:3   | Reached skill level 16 in Armour
 18758 | D:8      | Killed runewalsh's ghost
 19150 | D:12     | Noticed Nergalle
 19158 | D:12     | Killed Nergalle
 19630 | Orc:1    | Entered Level 1 of the Orcish Mines
 19911 | Orc:1    | Paralysed by an orc sorcerer for 4 turns
 20088 | Orc:2    | Entered Level 2 of the Orcish Mines
 20127 | Orc:2    | Found a gate leading to a gauntlet.
 20162 | Gauntlet | Entered a Gauntlet
 20162 | Gauntlet | Found a transporter.
 20162 | Gauntlet | Found a transporter.
 20162 | Gauntlet | Found a transporter.
 20356 | Gauntlet | Found a transporter.
 20357 | Gauntlet | Found a transporter.
 20367 | Gauntlet | Found a transporter.
 20371 | Gauntlet | Found a transporter.
 20373 | Gauntlet | Found a large runed translucent door.
 20375 | Gauntlet | Found a large runed translucent door.
 20375 | Gauntlet | Found a large runed translucent door.
 20375 | Gauntlet | Found a large runed translucent door.
 20375 | Gauntlet | Found a runed translucent door.
 20376 | Gauntlet | Found a large runed translucent door.
 20377 | Gauntlet | Found a large runed translucent door.
 20378 | Gauntlet | Found a large runed translucent door.
 20378 | Gauntlet | Found a large runed translucent door.
 20379 | Gauntlet | Found a runed translucent gate.
 20381 | Gauntlet | Found a transporter.
 20473 | Gauntlet | Found a transporter.
 20483 | Gauntlet | Found a transporter.
 20487 | Gauntlet | Found a transporter.
 20489 | Gauntlet | Found a large runed translucent door.
 20490 | Gauntlet | Found a large runed translucent door.
 20491 | Gauntlet | Found a large runed translucent door.
 20491 | Gauntlet | Found a large runed translucent door.
 20491 | Gauntlet | Found a runed translucent door.
 20492 | Gauntlet | Found a large runed translucent door.
 20493 | Gauntlet | Found a large runed translucent door.
 20494 | Gauntlet | Found a large runed translucent door.
 20494 | Gauntlet | Found a large runed translucent door.
 20495 | Gauntlet | Found a runed translucent gate.
 20495 | Gauntlet | Found a runed translucent gate.
 20497 | Gauntlet | Found a transporter.
 20865 | Gauntlet | Reached skill level 5 in Dodging
 20918 | Gauntlet | Identified the +4 pair of boots of Oblivion {rPois Dex+4
                  | SInv}
 20996 | Gauntlet | Identified the +0 executioner's axe of Corporal Punishment
                  | {freeze, Fly Str+2 Int-2}
 21007 | Gauntlet | Got Pijaehoc's Elucidation of the Voyage and Embers
 21017 | Gauntlet | Got the Incunable of Freezing and Ectoplasm
 21159 | Orc:1    | Reached skill level 15 in Fighting
 21811 | Orc:2    | Noticed an orc warlord
 21825 | Orc:2    | Killed an orc warlord
 21842 | Orc:1    | Noticed Fannar
 21855 | Orc:1    | Killed Fannar
 22038 | Orc:2    | Found a staircase to the Elven Halls.
 22330 | Orc:2    | Reached XP level 15. HP: 128/136 MP: 24/24
 22693 | Orc:1    | Found Wyerch's Self-Improvement Boutique.
 22918 | Orc:2    | Found Xaupt's Antique Armour Shoppe.
 22918 | Orc:2    | Found Erediaj's Antique Weapon Shoppe.
 22966 | Orc:2    | Found Siell's General Store.
 22966 | Orc:2    | Found Besepi's Jewellery Emporium.
 23150 | D:13     | Noticed Azrael
 23166 | D:12     | Killed Azrael
 24021 | D:13     | Reached skill level 15 in Invocations
 24234 | D:14     | Noticed Frances
 24255 | D:14     | Killed Frances
 24604 | D:14     | Found a gate to the Vaults.
 25137 | D:15     | Entered Level 15 of the Dungeon
 26025 | D:15     | Noticed Nessos
 26035 | D:15     | Killed Nessos
 26038 | D:15     | Reached skill level 17 in Armour
 26192 | D:15     | Noticed Roxanne
 26213 | D:15     | Killed from afar by Roxanne

Illustrated notes

Levels and vault maps discovered:
D:1:      minmay_arrival_wavy_path, layout_basic
D:2:      layout_basic, moated_statue, nicolae_titane
D:3:      layout_basic, serial_park_tiny_1, uniq_terence
D:4:      layout_loops_ring, mainiacjoe_overflow_chevrons, st_stairs_3,
          uniq_edmund
D:5:      nicolae_cairo_tiling, layout_basic, regret_index_temple_of_mockery,
          mainiacjoe_overflow_paths, makhleb_altar_promises_db,
          uniq_prince_ribbit1, uniq_eustachio, uniq_grinder
D:6:      layout_cave_pools, regret_index_kikubaaqudgha_part_by_part
D:7:      layout_loops_ring, minmay_temple_entry_arrows, guppyfry_shop_venom,
          uniq_crazy_yiuf_cottage, uniq_menkaure
D:8:      nicolae_cairo_tiling_very_big, layout_loops_corners,
          ashenzari_conservatory_becter, ebering_ghost_funeral_grove
D:9:      layout_long_grid, erik_lair_dragon, serial_shops,
          nicolae_stop_n_shop_1
D:10:     layout_irregular_city, marbit_many_paths, lemuel_round_altar
D:11:     layout_basic, nicolae_ru_awakened_eye, uniq_snorg, uniq_harold
D:12:     layout_gridville, uniq_nergalle
D:13:     layout_basic, uniq_azrael
D:14:     layout_basic, serial_bayou_shore_b, uniq_frances
D:15:     grunt_enter_depths_magical_seal, layout_small_grid,
          minmay_misc_feat_rugged, nrook_guardian_serpent_ordinary, uniq_nessos,
          uniq_roxanne
Lair:1:   layout_regular_city, grunt_megastairs_1, lemuel_fruit_tree,
          serial_bayou_shore_a, uniq_urug
Lair:2:   layout_loops_ring, nicolae_shoals_entry_roost,
          alex1729_snake_entry_snake, minmay_stone_trees_medium
Lair:3:   layout_gridlike, roderic_batcave, dpeg_oklob_1, lemuel_fruit_fields
Lair:4:   layout_gridlike, gammafunk_ghost_hydra_chop, serial_bayou_shore_b,
          serial_bayou_shore_b
Lair:5:   hangedman_lair_tendril_chambers, layout_loops_ring,
          guppyfry_lair_end_dragon, minmay_slime_entry_jelly_boxes
Orc:1:    layout_diamond_mine, nicolae_shop_self_help, uniq_fannar
Orc:2:    st_orc_congregation, layout_caves, gauntlet_entry_generic

Skill      XL: |  1  2  3  4  5  6  7  8  9 10 11 12 13 14 15 |
---------------+----------------------------------------------+-----
Maces & Flails | 3 4 5 7 8 11 13 14 16 | 16.0
Fighting       | 4 6 7 9 11 13 15 | 15.5
Armour         | 4 6 8 11 13 15 16 17 | 17.0
Shields        | 4 6 |  6.0
Invocations    | 3 5 7 9 11 14 15 | 15.3
Dodging        | 3 5 6 |  6.0

Action                     |  1- 3 |  4- 6 |  7- 9 | 10-12 | 13-15 || total
---------------------------+-------+-------+-------+-------+-------++-------
  Melee: Flail             |    81 |    43 |   389 |   263 |       ||   776
         Headbutt          |     6 |    16 |    79 |   113 |   185 ||   399
         Whip              |       |    74 |     8 |       |       ||    82
         Morningstar       |       |       |       |   270 |   895 ||  1165
   Fire: Sling             |       |       |       |     7 |     1 ||     8
  Throw: Boomerang         |     3 |     4 |       |       |       ||     7
         Dart              |       |     5 |     4 |     8 |       ||    17
 Invoke: Lesser Servant of |       |       |       |     2 |     2 ||     4
         Greater Servant o |       |       |       |       |     1 ||     1
  Evoke: Wand              |       |       |       |     2 |     1 ||     3
    Use: Scroll            |       |     7 |     2 |     7 |     9 ||    25
         Potion            |       |       |       |     1 |     2 ||     3
   Stab: Confused          |       |       |       |       |     1 ||     1
         Distracted        |       |       |       |       |     1 ||     1
 Armour: Scale mail        |    55 |    72 |   143 |       |       ||   270
         Plate armour      |       |       |    35 |   397 |   279 ||   711
         Swamp dragon scal |       |       |       |       |   172 ||   172
         Gold dragon scale |       |       |       |       |   461 ||   461
         Acid dragon scale |       |       |       |       |    11 ||    11
  Dodge: Dodged            |    45 |    47 |   121 |   235 |   497 ||   945
  Block: Buckler           |    16 |    25 |    52 |   108 |   316 ||   517

Table legend: (Time is in decaauts)
 A = Elapsed time spent in this place.
 B = Non-inter-level travel time spent in this place.
 C = Inter-level travel time spent in this place.
 D = Time resting spent in this place.
 E = Time spent auto-exploring this place.
 F = Levels seen in this place.
 G = Mean time per level.
                   A        B        C        D        E       F      G
               +--------+--------+--------+--------+--------+-----+--------+
         Total |  26222 |  24346 |   1876 |   3933 |  13914 |  23 | 1140.1 |
       Dungeon |  15446 |  13982 |   1464 |   1864 |   8904 |  15 | 1029.7 |
          Lair |   7503 |   7199 |    304 |   1528 |   3492 |   5 | 1500.6 |
  Orcish Mines |   2366 |   2258 |    108 |    541 |    936 |   2 | 1183.0 |
      Gauntlet |    905 |    905 |      0 |      0 |    581 |   1 |  905.0 |
               +--------+--------+--------+--------+--------+-----+--------+

Top non-repeatable levels by time:
  Lair:5: 2333 daAuts
  Lair:4: 1659 daAuts
     D:9: 1630 daAuts
    D:11: 1350 daAuts
     D:8: 1326 daAuts
    D:10: 1318 daAuts
   Orc:1: 1252 daAuts
  Lair:1: 1231 daAuts
  Lair:3: 1224 daAuts
   Orc:2: 1113 daAuts
    D:15: 1080 daAuts
  Lair:2: 1055 daAuts
     D:7: 1039 daAuts
     D:1: 1007 daAuts
    D:14: 996 daAuts
